 Dungeon Crawl Stone Soup version 0.27.1-1-g398f81649c (console) character file.

Game seed: 2396830898932238776

9 thromnambular the Charlatan (level 2, 0/21 HPs)
             Began as a Vine Stalker Artificer on Sept 6, 2021.
             Was a Follower of Makhleb.
             Slain by a hobgoblin (3 damage)
             ... on level 1 of the Dungeon.
             The game lasted 00:01:07 (442 turns).

thromnambular the Charlatan (Vine Stalker Artificer) Turns: 442, Time: 00:01:07

Health: 0/21       AC:  3    Str: 14    XL:     2   Next: 16%
Magic:  0/3        EV: 11    Int: 11    God:    Makhleb [*.....]
Gold:   2          SH:  0    Dex: 14    Spells: 1/1 levels left

rFire    . . .     SeeInvis .   a - +0 club
rCold    . . .     Faith    .   (no shield)
rNeg     . . .     Spirit   +   b - +0 leather armour
rPois    .         Reflect  .   (no helmet)
rElec    .         Harm     .   (no cloak)
rCorr    .         Rampage  .   (no gloves)
Will     .....                  (no boots)
Stlth    ..........             (no amulet)
HPRegen  0.07/turn              (no ring)
MPRegen  0.08/turn              (no ring)

@: berserking, very quick
A: fangs 2, magic shield, antimagic bite, no potion heal 2
a: Renounce Religion


You were on level 1 of the Dungeon.
You worshipped Makhleb.
Makhleb was aware of your devotion.
You visited 1 branch of the dungeon, and saw 1 of its levels.

You collected 2 gold pieces.

Inventory:

Hand Weapons
 a - a +0 club (weapon)
Armour
 b - a +0 leather armour (worn)
Wands
 c - a wand of flame (15) (quivered)
 d - a wand of charming (15)
Potions
 h - a potion of lignification {unknown}
Miscellaneous
 e - a piece from Xom's chessboard (15/15)


   Skills:
 + Level 1.1 Fighting
 + Level 0.5 Maces & Flails
 + Level 1.8 Armour
 + Level 1.0 Dodging
 - Level 1.2 Stealth
 - Level 2.6 Evocations


You had one spell level left.
You didn't know any spells.
Your spell library was empty.

Dungeon Overview and Level Annotations

Branches:
Dungeon (1/15)

Altars:
Makhleb


Innate Abilities, Weirdness & Mutations

You have extremely sharp teeth.
When hurt, damage is shared between your health and your magic reserves.
Your bite disrupts and absorbs the magic of your enemies.
Potions cannot restore your health.


Message History

The ball python grabs you. The ball python constricts you.
You escape the ball python's grasp.
The ball python barely misses you. x2; The endoplasm hits you.
The ball python closely misses you. The ball python grabs you.
The ball python constricts you.
You escape the ball python's grasp.
The endoplasm hits you.
* * * LOW HITPOINT WARNING * * *
The ball python bites you.
* * * LOW HITPOINT WARNING * * *
The ball python closely misses you. The ball python misses you.
The ball python grabs you. The ball python constricts you.
* * * LOW HITPOINT WARNING * * *
You escape the ball python's grasp.
There is an open door here.
It was a potion of curing.
That felt strangely inert.
The endoplasm closely misses you.
Okay, then.
You open the door.
The endoplasm jiggles.
The endoplasm barely misses you.
There is an open door here.
It was a potion of berserk rage.
A red film seems to cover your vision as you go berserk!
You feel yourself moving faster!
You feel mighty! The endoplasm freezes you.
You are frozen.
You sock the endoplasm!
You kill the endoplasm!
Makhleb accepts your kill.
You sock the ball python!
You kill the ball python!
Makhleb accepts your kill.
You hit the hobgoblin.
The hobgoblin is lightly wounded.
The hobgoblin barely misses you.
You barely miss the hobgoblin.
The hobgoblin is lightly wounded.
The hobgoblin hits you.
You die...

........###................# .##
...........................##..#
................................
#####...........##.......#####+#
#...........#####w#####
####........#.........#
###...###..g......#
###...###S.⌠...⌠..#
#......@#.........#
#.....#.g....<....+ #....
###.........# #... #..⌠...⌠..#
### #.........# #.........#
#####+#####


You could see a hobgoblin.

Vanquished Creatures
  2 ball pythons (D:1)
  3 bats (D:1)
  2 endoplasms (D:1)
  A giant cockroach (D:1)
8 creatures vanquished.

Notes
Turn   | Place    | Note
-------+----------+-------------------------------------------
     0 | D:1      | thromnambular the Vine Stalker Artificer began the quest
                  | for the Orb.
     0 | D:1      | Reached XP level 1. HP: 9/9 MP: 2/2
     5 | D:1      | Found a faded altar of an unknown god.
    33 | D:1      | Reached skill level 1 in Fighting
   263 | D:1      | Became a worshipper of Makhleb the Destroyer
   263 | D:1      | Reached * piety under Makhleb
   302 | D:1      | Reached skill level 1 in Dodging
   329 | D:1      | Reached XP level 2. HP: 11/14 MP: 1/3
   442 | D:1      | Slain by a hobgoblin

Illustrated notes

Levels and vault maps discovered:
D:1:      mushboom_english_gardens, layout_basic, basic_ecumenical_altar,
          serial_bayou_lake_a

Skill      XL: |  1 |
---------------+----+-----
Fighting       | 1 |  1.1
Dodging        | 1 |  1.0
Maces & Flails | |  0.5
Armour         | |  1.8
Stealth        | |  1.2
Evocations     | |  2.6

Action                   || total
-------------------------++-------
Melee: Club              ||    23
       Bite              ||     9
  Use: Potion            ||     2
 Stab: Sleeping          ||     1
Armor: Leather armour    ||    16
Dodge: Dodged            ||    27
